 Dungeon Crawl Stone Soup version 0.19-a0-1841-gf1e0166 (webtiles) character file.

63 Flanowski the Skirmisher (level 3, -1/34 HPs)
             Began as a Deep Dwarf Fighter on Oct 9, 2016.
             Killed from afar by Natasha (6 damage)
             ... with a magic dart
             ... on level 2 of the Dungeon.
             The game lasted 00:03:12 (1622 turns).

Flanowski the Skirmisher (Deep Dwarf Fighter)       Turns: 1622, Time: 00:03:13

Health: -1/34      AC: 10    Str: 20    XL:     3   Next: 87%
Magic:  3/3        EV:  7    Int:  8    God:
Gold:   75         SH:  9    Dex: 12    Spells: 0 memorised, 2 levels left

rFire  . . .     SeeInvis +     a - +0 war axe
rCold  . . .     Gourm    .     b - +1 scale mail
rNeg   . . .     Faith    .     c - +0 shield
rPois  .         Spirit   .     (no helmet)
rElec  .         Dismiss  .     (no cloak)
rCorr  .         Reflect  .     (no gloves)
MR     .....     Harm     .     g - +2 pair of boots
Stlth  .......... Rnd*Tele +    (no amulet)
                                j - ring of teleportation (curse)
                                s - ring of see invisible

@: non-regenerating, slowed, drained, very slow
A: damage resistance, recharge devices, sense surroundings 1, slow regeneration
3
a: Device Recharging


You were on level 2 of the Dungeon.
You were not hungry.

You visited 1 branch of the dungeon, and saw 2 of its levels.

You collected 75 gold pieces.

Inventory:

Hand Weapons
 a - a +0 war axe (weapon)
Armour
 b - a +1 scale mail (worn)
 c - a +0 shield (worn)
 g - a +2 pair of boots (worn)
Jewellery
 i - an uncursed ring of magical power
 j - a cursed ring of teleportation (right hand)
 s - a ring of see invisible (left hand)
Wands
 e - a wand of heal wounds (1/9)
Scrolls
 p - 2 scrolls of teleportation
Potions
 d - a potion of might
 k - a potion of cure mutation {unknown}
 l - a potion of curing {unknown}
 m - a potion of haste
 q - a potion of brilliance {unknown}
 r - a potion of agility {unknown}
Comestibles
 f - 4 bread rations
 h - a meat ration
 n - a slice of pizza
 o - 3 chunks of flesh


   Skills:
 * Level 3.6(3.2) Fighting
 + Level 3.5(3.1) Axes
 - Level 3.2(2.8) Armour
 - Level 3.2(2.8) Shields


You had 2 spell levels left.
You didn't know any spells.

Dungeon Overview and Level Annotations

Branches:
Dungeon (2/15)

Altars:
Trog

Annotations:
D:2 Natasha


Innate Abilities, Weirdness & Mutations

You are resistant to damage.
You can recharge devices by infusing magical energy.
You passively map a small area around you.
You do not regenerate.


Message History

You closely miss the shadow imp. You hit the iron imp but do no damage.
Natasha claws you. x2; You block the iron imp's attack.
The shadow imp hits you. Natasha claws you. The iron imp hits you.
* * * LOW HITPOINT WARNING * * *
The shadow imp hits you.
You closely miss Natasha.
Natasha is almost dead.
You barely miss the shadow imp. You hit the iron imp but do no damage.
Natasha stares at you and mumbles some strange words.
You feel as though you will be slow longer.
Natasha claws you.
* * * LOW HITPOINT WARNING * * *
The shadow imp gestures at you. Pain shoots through your body!
* * * LOW HITPOINT WARNING * * *
The iron imp hits you but does no damage.
Natasha mewls in sadness.
Natasha stares at you and mumbles some strange words.
The magic dart hits you!
You die...

#.......# #......#
#.......# #.####.##
#.#####.###.......#
#.##....[.....##<.#
#.##.##.###...##..########
#.......# #......5.......#
#.......#
#.......######.##
#.#....## ##...5#h# #..#
#.#....# #..#.@5# ##.#
#.##.#.# ###...### #.#
#......# #.......# #.#
####.### #.......# #.# #.#
#.......# #.# #.#
#...>..(# #.# #.#
#..###..# #.# #.# #..#
#..# #.# #.# #..###..#
###.#


You could see an iron imp, Natasha, a white imp and a shadow imp.

Vanquished Creatures
  Natasha (D:2)
  3 leopard geckos
  3 bats
  2 giant cockroaches (D:2)
  6 goblins
  6 hobgoblins
  A ball python (D:2)
  4 frilled lizards
  2 kobolds
  5 rats
  2 bushes (D:2)
35 creatures vanquished.

Vanquished Creatures (others)
  A bush (D:2)
1 creature vanquished.

Grand Total: 36 creatures vanquished

Notes
Turn   | Place    | Note
-------+----------+-------------------------------------------
     0 | D:1      | Flanowski the Deep Dwarf Fighter began the quest for the Orb.
     0 | D:1      | Reached XP level 1. HP: 20/20 MP: 1/1
   201 | D:1      | Reached XP level 2. HP: 18/28 MP: 2/2
  1077 | D:2      | Reached XP level 3. HP: 12/34 MP: 3/3
  1124 | D:2      | Found a bloodstained altar of Trog.
  1408 | D:2      | Noticed Natasha
  1517 | D:2      | Killed Natasha
  1613 | D:2      | Noticed Natasha
  1622 | D:2      | Killed from afar by Natasha

Vault maps used:
D:1:      minmay_arrival_shoal_huts
D:2:      lemuel_coloured_pillars_altar, minmay_hedge_maze,
          dk_yredelemnul_ordeal, uniq_natasha

Skill      XL: |  1  2  3 |
---------------+----------+-----
Fighting       | 3 |  3.6
Axes           | 3 |  3.5
Armour         | |  3.2
Shields        | |  3.2

Action                   || total
-------------------------++-------
Melee: War axe           ||   250
Evoke: Wand              ||     4
  Use: Scroll            ||     4
  Eat: Chunk             ||     3
Armor: Scale mail        ||    69
Dodge: Dodged            ||    56
Block: Shield            ||    79
